 Dungeon Sprint DCSS version 0.27-a0-216-g1fbed8a51c (webtiles) character file.

Game seed: 1985947094948145205

1208 mhtbhm the Basher (level 8, -1/75 HPs)
             Began as a Human Berserker on Feb 1, 2021.
             Was an Elder of Trog.
             Slain by Sonja
             ... wielding a +4 dagger of distortion
              (7 damage)
             ... in the Dungeon (Sprint I: "Red Sonja").
             The game lasted 00:01:09 (930 turns).

mhtbhm the Basher (Human Berserker)                  Turns: 930, Time: 00:01:09

Health: -1/75      AC:  7    Str: 19    XL:     8   Next: 74%
Magic:  8/8        EV: 14    Int:  8    God:    Trog [****..]
Gold:   405        SH:  0    Dex: 13    Spells: 7/7 levels left

rFire    . . .     SeeInvis .   a - +0 mace
rCold    . . .     Faith    .   (no shield)
rNeg     . . .     Spirit   .   b - +0 ring mail
rPois    .         Reflect  .   j - +0 helmet
rElec    .         Harm     .   (no cloak)
rCorr    .         Rampage  .   (no gloves)
Will     .....     NoTele   +   (no boots)
Stlth    +.........             (no amulet)
HPRegen  0.22/turn              (no ring)
MPRegen  0.11/turn              (no ring)

@: lethally poisoned (-1 -> -2), berserk cooldown, slowed, very slow
A: no striking features
a: Renounce Religion, Berserk, Trog's Hand, Brothers in Arms


You were in the Dungeon.
You worshipped Trog.
Trog was greatly pleased with you.
You visited 1 branch You collected 405 gold pieces.

Inventory:

Hand Weapons
 a - a +0 mace (weapon)
Armour
 b - a +0 ring mail (worn)
 j - a +0 helmet (worn)
Wands
 i - a wand of flame (14)
Scrolls
 k - a scroll of remove curse {unknown}
Potions
 c - a potion of curing
 e - a potion of haste
 f - 2 potions of magic
 g - a potion of berserk rage


   Skills:
 + Level 11.0 Fighting
 + Level 12.1 Maces & Flails
 + Level 7.0 Armour
 + Level 5.9 Dodging


You had 7 spell levels left.
You didn't know any spells.
Your spell library was empty.

Dungeon Overview and Level Annotations

Branches:
Dungeon (1/1)

Altars:
Cheibriados
Dithmenos
Elyvilon
Fedhas
Gozag
Hepliaklqana
Kikubaaqudgha
Makhleb
Nemelex Xobeh
Okawaru
Qazlal
Ru
Sif Muna
Trog
Uskayaw
Vehumet
Wu Jian
Xom
Yredelemnul
Zin
The Shining One
Jiyva
Lugonu

Shops:
D :

Annotations:
D Sonja


Message History

Sonja hits you with a +4 dagger of distortion.
* * * LOW HITPOINT WARNING * * *
Space bends around you.
* * * LOW HITPOINT WARNING * * *
Sonja hits you but does no damage. Space bends around you.
* * * LOW HITPOINT WARNING * * *
Unknown command.
Okay, then.
Blink to where?
Press: ? - help, Dir - move target
As you read the scroll of blinking, it crumbles to dust.
Sonja plants her feet in a plie.
You fail to use your ability.
You feel sick.
Unknown command.
Press < or > to pray at altars.
You barely miss Sonja.
Sonja hits you with a +4 dagger of distortion.
* * * LOW HITPOINT WARNING * * *
Space warps horribly around you!
You die...

##########################
#<.#.[)..#..'..#__#..)...#
#..'..#..').#..'..'.)#...#
#..#####'#####'#__####...+
#..####..#...#.#### ####
#..#__####..##.#
#..#_____##'#@.+
#⌠⌠#_.∩...'..K_#
####_..__##_.#'#
#_____###'#[#
#########.### +$.$+ #$.$#
##.## #+#


You could see Sonja.

Vanquished Creatures
  2 kobold demonologists (D)
  A slime creature (D)
  Sigmund (D)
  A yak (D)
  A floating eye (D)
  An ogre (D)
  A jelly (D)
  Ijyb (D)
9 creatures vanquished.

Notes
Turn   | Place    | Note
-------+----------+-------------------------------------------
     0 | D        | mhtbhm the Human Berserker began the quest for the Orb.
     0 | D        | Reached XP level 1. HP: 18/18 MP: 1/1
     2 | D        | Noticed Ijyb
    14 | D        | Killed Ijyb
    15 | D        | Reached skill level 4 in Maces & Flails
    15 | D        | Reached XP level 2. HP: 18/26 MP: 2/2
    15 | D        | Reached XP level 3. HP: 21/31 MP: 3/3
   179 | D        | Noticed an ogre
   184 | D        | Killed an ogre
   185 | D        | Reached skill level 6 in Maces & Flails
   185 | D        | Reached XP level 4. HP: 40/40 MP: 4/4
   185 | D        | Reached XP level 5. HP: 46/46 MP: 5/5
   267 | D        | Noticed Sigmund
   274 | D        | Killed Sigmund
   274 | D        | Reached ** piety under Trog
   275 | D        | Reached skill level 8 in Maces & Flails
   275 | D        | Reached XP level 6. HP: 56/56 MP: 6/6
   366 | D        | Found an ornate altar of the Wu Jian Council.
   366 | D        | Found a shimmering blue altar of Sif Muna.
   368 | D        | Found a radiant altar of Vehumet.
   411 | D        | Found Zoirois's Book Emporium.
   411 | D        | Found an ancient bone altar of Kikubaaqudgha.
   411 | D        | Found a hazy altar of Hepliaklqana.
   411 | D        | Found a stormy altar of Qazlal.
   411 | D        | Found a hide-covered altar of Uskayaw.
   411 | D        | Found a blossoming altar of Fedhas.
   411 | D        | Found a bloodstained altar of Trog.
   411 | D        | Found an iron altar of Okawaru.
   411 | D        | Found a basalt altar of Yredelemnul.
   411 | D        | Found a glowing golden altar of the Shining One.
   411 | D        | Found a snail-covered altar of Cheibriados.
   411 | D        | Found a sacrificial altar of Ru.
   411 | D        | Found a glowing silver altar of Zin.
   411 | D        | Found a shadowy altar of Dithmenos.
   411 | D        | Found a white marble altar of Elyvilon.
   411 | D        | Noticed a yak
   425 | D        | Killed a yak
   426 | D        | Reached skill level 9 in Maces & Flails
   426 | D        | Reached skill level 5 in Armour
   426 | D        | Reached skill level 5 in Dodging
   426 | D        | Reached XP level 7. HP: 9/64 MP: 7/7
   426 | D        | Found an opulent altar of Gozag.
   427 | D        | Found a sparkling altar of Nemelex Xobeh.
   804 | D        | Found a burning altar of Makhleb.
   804 | D        | Found a viscous altar of Jiyva.
   804 | D        | Found a shimmering altar of Xom.
   804 | D        | Found a corrupted altar of Lugonu.
   804 | D        | Noticed a slime creature
   815 | D        | Killed a slime creature
   815 | D        | Reached *** piety under Trog
   816 | D        | Reached skill level 10 in Maces & Flails
   864 | D        | Noticed a kobold demonologist
   864 | D        | Noticed a kobold demonologist
   868 | D        | Reached skill level 10 in Fighting
   872 | D        | Killed a kobold demonologist
   873 | D        | Reached skill level 11 in Maces & Flails
   873 | D        | Reached XP level 8. HP: 73/73 MP: 8/8
   877 | D        | Killed a kobold demonologist
   877 | D        | Reached **** piety under Trog
   878 | D        | Reached skill level 12 in Maces & Flails
   918 | D        | Noticed Sonja
   930 | D        | Slain by Sonja

Illustrated notes

Levels and vault maps discovered:
D:        dungeon_sprint_1 [red_sonja_temple_1, red_sonja_temple_small_1]

Skill      XL: |  1  2  3  4  5  6  7  8 |
---------------+-------------------------+-----
Fighting       | 4 6 8 9 10 11 | 11.0
Maces & Flails | 4 6 8 9 11 12 | 12.1
Armour         | 3 4 5 6 7 |  7.0
Dodging        | 3 4 5 |  5.9

Action                   |  1- 3 |  4- 6 |  7- 9 || total
-------------------------+-------+-------+-------++-------
Melee: Mace              |    13 |    25 |    26 ||    64
Invok: Berserk           |     2 |     1 |     3 ||     6
  Use: Scroll            |       |       |     1 ||     1
       Potion            |       |       |     1 ||     1
Armor: Animal skin       |     1 |       |       ||     1
       Ring mail         |       |     3 |    12 ||    15
Dodge: Dodged            |     3 |    11 |    21 ||    35

Table legend: (Time is in decaauts)
 A = Elapsed time spent in this place.
 B = Non-inter-level travel time spent in this place.
 C = Inter-level travel time spent in this place.
 D = Time resting spent in this place.
 E = Time spent auto-exploring this place.
 F = Levels seen in this place.
 G = Mean time per level.
                   A        B        C        D        E       F      G
               +--------+--------+--------+--------+--------+-----+--------+
         Total |    977 |    977 |      0 |    767 |      0 |   1 |  977.0 |
       Dungeon |    977 |    977 |      0 |    767 |      0 |   1 |  977.0 |
               +--------+--------+--------+--------+--------+-----+--------+

Top non-repeatable levels by time:
       D: 977 daAuts
